 Dungeon Crawl Stone Soup version 0.27-a0-676-gc1da3516c2 (webtiles) character file.

Game seed: 3781530063347335696

4 Phaedo the Sneak (level 1, -7/10 HPs)
             Began as a Felid Delver on Mar 18, 2021.
             Mangled by a centaur skeleton (8 damage)
             ... on level 4 of the Dungeon.
             The game lasted 00:01:47 (165 turns).

Phaedo the Sneak (Felid Delver)                      Turns: 165, Time: 00:01:47

Health: -7/10      AC:  1    Str:  8    XL:     1   Next: 58%
Magic:  2/2        EV: 17    Int: 11    God:
Gold:   28         SH:  0    Dex: 17    Spells: 0/0 levels left
                                        Lives:  0   Deaths: 0

rFire    . . .     SeeInvis +     - Unarmed
rCold    . . .     Faith    .   (shield unavailable)
rNeg     . . .     Spirit   .   (armour unavailable)
rPois    .         Reflect  .   (helmet unavailable)
rElec    .         Harm     .   (cloak unavailable)
rCorr    .         Rampage  .   (gloves unavailable)
Will     .....                  (boots unavailable)
Stlth    ++++......             (no amulet)
HPRegen  0.03/turn              (no ring)
MPRegen  0.08/turn              (no ring)

@: hasted, very quick
A: very small, claws 1, fangs 3, see invisible, speed 1, shaggy fur 1, stealthy
paws, no weapons or thrown items, no armour, multi-lived
a: no special abilities


You were on level 4 of the Dungeon.
You visited 1 branch of the dungeon, and saw 2 of its levels.

You collected 28 gold pieces.

Inventory:

Wands
 e - a wand of digging (3)
Scrolls
 a - a scroll of fog
 b - a scroll of magic mapping
 f - a scroll of identify {unknown}
 g - a scroll of brand weapon {unknown}


   Skills:
 - Level 3.0 Fighting
 + Level 2.7 Dodging
 * Level 7.0 Stealth
 - Level 2.0 Unarmed Combat


You couldn't memorise any spells.
You didn't know any spells.
Your spell library was empty.

Dungeon Overview and Level Annotations

Branches:
Dungeon (5/15)
 Temple: D:4-7

Altars:

Annotations:
D:4 exclusions: hound and worker ant, Edmund


Innate Abilities, Weirdness & Mutations

You have sharp claws.
You have razor-sharp teeth.
You have supernaturally acute eyesight. (SInv)
You cover ground quickly. (Speed+)
You are covered in fur. (AC +1)
Your stealthy paws help you sneak and pounce on unaware monsters.
You are incapable of wielding weapons or throwing items.
You cannot wear armour.
You gain extra lives every three experience levels.


Message History

The adder skeleton is severely damaged.
The adder skeleton bites you.
You scratch the adder skeleton.
You destroy the adder skeleton!
You start resting.
HP restored.
A quokka comes into view.
Found a hand axe.
Found a stone staircase leading down.
You pounce on the unaware helpless quokka!
You mangle the quokka!!
You kill the quokka!
Your Stealth skill increases to level 7!
A hound comes into view.
Found 18 stones.
Found 5 gold pieces.
You now have 28 gold pieces (gained 5).
There is a stone staircase leading down here.
You see here a +0 ring mail.
A centaur skeleton comes into view.
Found a hand axe.
As you open the door, it creaks loudly!
There is an open door here.
You scratch the centaur skeleton.
The centaur skeleton is moderately damaged.
The centaur skeleton hits you.
You feel yourself speed up.
The centaur skeleton completely misses you.
You scratch the centaur skeleton.
The centaur skeleton is moderately damaged.
The centaur skeleton hits you.
Ouch! That really hurt!
* * * LOW HITPOINT WARNING * * *
You aren't carrying any potions.
Unknown command.
As you read the scroll of fear, it crumbles to dust.
You assume a fearsome visage.
The centaur skeleton is unaffected.
The centaur skeleton hits you!
Ouch! That really hurt!
You die...

### #.# ###.#########
#.#..........
#####.#.#....###
#..............## #
#................
###.##...............)
#...Z@......##....#.##
#.#.##...[>...........
...........##....#.#.
#)#######...##....#.#.
# #..###....#.#.
#.........###.
#........## ##
#.......## #.###...#


You could see a centaur skeleton.

Vanquished Creatures
  An adder skeleton (D:4)
  A quokka (D:4)
2 creatures vanquished.

Notes
Turn   | Place    | Note
-------+----------+-------------------------------------------
     0 | D:5      | Phaedo the Felid Delver began the quest for the Orb.
     0 | D:5      | Reached XP level 1. HP: 10/10 MP: 2/2
    27 | D:4      | Noticed a worker ant
    46 | D:4      | Noticed Edmund
    86 | D:4      | Reached skill level 7 in Stealth
    88 | D:4      | Noticed a hound
   165 | D:4      | Mangled by a centaur skeleton

Illustrated notes

Levels and vault maps discovered:
D:4:      layout_basic, amethyst_overflow_temple_binary,
          minmay_temple_entry_drinking_statues, nrook_mini_vaults,
          trog_hazing_becter, uniq_robin, uniq_edmund, uniq_crazy_yiuf_cottage,
          uniq_ijyb
D:5:      layout_gridville, overflow_temple_1_default

Skill      XL: |  1 |
---------------+----+-----
Stealth        | 7 |  7.0
Fighting       | |  3.0
Dodging        | |  2.7
Unarmed Combat | |  2.0

Action                   || total
-------------------------++-------
Melee: Unarmed           ||     8
       Bite              ||     1
  Use: Scroll            ||     1
       Potion            ||     1
 Stab: Sleeping          ||     1
Dodge: Dodged            ||     4

Table legend: (Time is in decaauts)
 A = Elapsed time spent in this place.
 B = Non-inter-level travel time spent in this place.
 C = Inter-level travel time spent in this place.
 D = Time resting spent in this place.
 E = Time spent auto-exploring this place.
 F = Levels seen in this place.
 G = Mean time per level.
                   A        B        C        D        E       F      G
               +--------+--------+--------+--------+--------+-----+--------+
         Total |    138 |    138 |      0 |     19 |      0 |   2 |   69.0 |
       Dungeon |    138 |    138 |      0 |     19 |      0 |   2 |   69.0 |
               +--------+--------+--------+--------+--------+-----+--------+

Top non-repeatable levels by time:
     D:4: 132 daAuts
     D:5: 5 daAuts
